 Dungeon Crawl Stone Soup version bcrawl-1.21.2-1-g32d02e0829 (webtiles) character file.

Game seed: 6480935782314094521

49 Foic the Cutter (level 3, 0/23 HPs)
             Began as an Avariel Reaver on Feb 19, 2020.
             Was a Follower of Vehumet.
             Killed from afar by an orc wizard (9 damage)
             ... with a puff of flame
             ... on level 2 of the Dungeon.
             The game lasted 00:04:56 (2013 turns).

Foic the Cutter (Avariel Reaver)                    Turns: 2013, Time: 00:04:56

Health: 0/23       AC:  5    Str:  9    XL:     3   Next: 77%
Magic:  0/9        EV: 13    Int: 20    God:    Vehumet [*.....]
Gold:   67         SH:  0    Dex: 11    Spells: 7/8 levels left

rFire    . . .     SeeInvis +   a - +0 rapier
rCold    . . .     Gourm    .   (no shield)
rNeg     . . .     Faith    .   b - +0 steam dragon scales
rPois    .         Spirit   .   (no helmet)
rElec    .         Reflect  .   (no cloak)
rCorr    .         Harm     .   (no gloves)
MR       .....                  (no boots)
Stlth    ++........             (no amulet)
HPRegen  0.07/turn              h - ring of see invisible
MPRegen  0.11/turn              (no ring)

@: very slightly contaminated
A: no striking features
a: Renounce Religion


You were on level 2 of the Dungeon.
You worshipped Vehumet.
Vehumet was aware of your devotion.
You were not hungry.

You visited 1 branch of the dungeon, and saw 2 of its levels.

You collected 67 gold pieces.

Inventory:

Hand Weapons
 a - a +0 rapier (weapon)
Missiles
 g - 350 arrows
 i - 78 poisoned needles
 k - 276 stones (quivered)
Armour
 b - +0 steam dragon scales (worn)
Jewellery
 h - a ring of see invisible (left hand)
Scrolls
 d - 2 scrolls of immolation
 f - a scroll of enchant armour {unknown}
Potions
 c - 4 potions of haste
 j - a potion of lignification {unknown}
Comestibles
 e - 5 rations {!d}
 l - a chunk of flesh


   Skills:
 + Level 3.1 Fighting
 + Level 3.9 Short Blades
 + Level 3.6 Dodging
 + Level 1.1 Stealth
 + Level 3.0 Spellcasting


You had 7 spell levels left.
You knew the following spells:

 Your Spells              Type           Power        Failure   Level  Hunger
a - Magic Dart            Conj           #...         4%          1    None

Your spell library contained the following spells:

 Spells                   Type           Power        Failure   Level  Hunger
 Iskenderun's Battlesphe  Conj/Chrm      #.......     65%         5    ######.


Dungeon Overview and Level Annotations

Branches:
Dungeon (2/12)

Altars:


Message History

The puff of frost misses you.
Casting: Magic Dart (safe; 4% risk of failure)
Confirm with . or Enter, or press ? or * to list all spells.
Aiming: Magic Dart (safe; 4% risk of failure)
Press: ? - help, Shift-Dir - straight line, f/p - orc wizard
Aim: an orc wizard, wielding a +0 dagger and wearing a +0 robe (severely wounded, fast)
The magic dart hits the orc wizard.
The orc wizard is severely wounded.
The orc wizard hits you but does no damage.
Casting: Magic Dart (safe; 4% risk of failure)
Confirm with . or Enter, or press ? or * to list all spells.
Aiming: Magic Dart (safe; 4% risk of failure)
Press: ? - help, Shift-Dir - straight line, f/p - orc wizard
Aim: an orc wizard, wielding a +0 dagger and wearing a +0 robe (severely wounded, fast)
The magic dart hits the orc wizard.
The orc wizard is almost dead.
The orc wizard hits you with a +0 dagger.
The orc wizard points at you and mumbles some strange words.
The puff of flame hits you!
You die...

.###.........#
#..........#
####.........#
#.#........#
.....######.##
#.#........# .....#
#.# #.#.......<#
.....# #.#
#.########## .....#
#.# #.#
.....######.# #.#
............#####.#
.....####......o@.#
..........#########
'#######..# ..#
#..# ..# #..#######
..# #........#
..######.o......#
................#
#########.......#


You could see an orc wizard.

Vanquished Creatures
  2 oozes
  2 worms (D:2)
  2 dart slugs
  A leopard gecko (D:1)
  A giant cockroach (D:1)
  4 goblins
  4 hobgoblins (D:1)
  2 quokkas
  A bat (D:2)
  6 kobolds (D:1)
  4 rats (D:1)
29 creatures vanquished.

Notes
Turn   | Place    | Note
-------+----------+-------------------------------------------
     0 | D:1      | Foic the Avariel Reaver began the quest for the Orb.
     0 | D:1      | Reached XP level 1. HP: 13/13 MP: 6/6
   305 | D:1      | Reached XP level 2. HP: 18/18 MP: 7/7
   905 | D:1      | Reached * piety under Vehumet
   905 | D:1      | Offered knowledge of Magic Dart by Vehumet.
   905 | D:1      | Reached XP level 3. HP: 23/23 MP: 9/9
   908 | D:1      | Learned a level 1 spell: Magic Dart
  1761 | D:2      | Reached skill level 1 in Stealth
  2013 | D:2      | Killed from afar by an orc wizard

Skill      XL: |  1  2  3 |
---------------+----------+-----
Fighting       | 3 |  3.1
Stealth        | 1 |  1.1
Spellcasting   | 3 |  3.0
Short Blades   | |  3.9
Dodging        | |  3.6

Action                   || total
-------------------------++-------
Melee: Rapier            ||    85
 Cast: Magic Dart        ||    55
  Use: Scroll            ||     1
 Stab: Sleeping          ||     2
  Eat: Ration            ||     1
Armor: Steam dragon scal ||    28
Dodge: Dodged            ||    50
